[Event "21st Bangkok CC Open 2024"]
[Site "Bangkok"]
[Date "2024.04.18"]
[Round "6.4"]
[White "Dinh Nho Kiet"]
[Black "Pham Tran Gia Phuc"]
[Result "1/2-1/2"]
[ECO "E39"]
[WhiteElo "2245"]
[BlackElo "2423"]
[Annotator "TA"]
[PlyCount "76"]
[EventDate "2024.04.13"]
[EventType "swiss"]
[EventCountry "THA"]
[SourceTitle "playchess.com"]
[Source "ChessBase"]
[SourceQuality "1"]
[TimeControl "40/5400+30:1800+30"]

1. d4 Nf6 2. c4 e6 3. Nc3 Bb4 4. Qc2 c5 5. dxc5 O-O 6. Nf3 Na6 7. a3 Bxc3+ 8. Qxc3 Nxc5 9. e3 a5 10. Be2 a4 11. O-O b6 12. Bd2 Bb7 13. Rad1 Nfe4 14. Qc2 Nxd2 15. Qxd2 Qe7 16. Nd4 Rad8 17. Qb4 e5 18. Nf5 Qg5 {[%emt 0:02:56][%csl Gb7][%cal Rg5g2] [#]} 19. Ng3 {[%emt 0:00:00] Active counter play!} (19. Qxb6 $2 Qxg2#) 19... Qf6 {[%emt 0:04:31] The position is equal.} 20. Rd2 d5 21. cxd5 Rxd5 22. Rfd1 Rfd8 23. Bb5 Rxd2 24. Rxd2 Rxd2 25. Qxd2 g6 26. f3 h5 27. Nf1 Bc6 28. Bc4 h4 29. h3 b5 30. Bd5 Kg7 31. Qc3 Bxd5 32. Qxc5 $11 {[%emt 0:00:01][%mdl 4096] Endgame. KQB-KQN} Bc4 33. Nd2 e4 34. Nxe4 Qxb2 35. Nd6 ({Much worse is} 35. Kh2 Bf1 36. Qc3+ (36. Qg5 $2 b4 $19) 36... Qxc3 37. Nxc3 Kf8 $17) 35... Kh7 36. Ne4 Kg7 37. Nd6 ({Don't play} 37. Kh2 Bf1 38. Qc3+ (38. Qg5 $2 b4 $19) 38... Qxc3 39. Nxc3 Kf8 $17) 37... Kh7 38. Ne4 Kg7 {[%emt 0:01:52] A balanced but interesting game.   Weighted Error Value: White=0.04 (flawless) /Black=0.04 (flawless) .  Inaccurate:     	White=1     	---        OK:         	White=16    	Black=9      Best:        	---       	Black=1} 1/2-1/2

[Event "21st Bangkok CC Open 2024"]
[Site "Bangkok"]
[Date "2024.04.18"]
[Round "6.5"]
[White "Bersamina, Paulo"]
[Black "Pranesh M"]
[Result "1/2-1/2"]
[ECO "C56"]
[WhiteElo "2424"]
[BlackElo "2538"]
[Annotator "TA"]
[PlyCount "140"]
[EventDate "2024.04.13"]
[EventType "swiss"]
[EventCountry "THA"]
[SourceTitle "playchess.com"]
[Source "ChessBase"]
[SourceQuality "1"]
[TimeControl "40/5400+30:1800+30"]

1. e4 e5 2. Nf3 Nc6 3. Bc4 Nf6 4. d4 exd4 5. e5 Ne4 6. Qe2 Nc5 7. c3 {[%emt 0:03:19] C56: Two Knights: 4 d4 exd4 5 0-0 Nxe4.} d3 8. Qe3 Be7 9. b4 {[%emt 0:08:49] 9.0-0 deserves study.} Ne6 10. b5 Na5 11. Bxd3 d5 $146 ({Predecessor:} 11... d6 12. O-O O-O 13. Nbd2 Nc5 14. Bc2 a6 15. Nb3 Nc4 16. Qe2 Nxb3 17. axb3 Nxe5 18. Nxe5 dxe5 19. Qxe5 {1-0 Pap,M (2403)-Ongut,T (2317) Budapest Vezerkepzo GM-A 03 2023 (9)}) 12. O-O a6 13. bxa6 b6 14. Nd4 Bxa6 15. f4 Bxd3 16. Qxd3 Nxd4 17. cxd4 f5 18. Qxf5 Nb3 19. Qc2 Nxa1 20. Qc6+ Kf8 21. f5 Qe8 22. Qxd5 Rd8 23. Qc4 Qd7 24. Bb2 c5 25. f6 gxf6 26. exf6 Bd6 27. f7 cxd4 28. Kh1 Bc5 29. Bxa1 h5 30. Qd3 Qd5 31. Nd2 Rh6 $2 (31... Rd7 $1 $17 {keeps the pressure on.} 32. Nb3 (32. Rf5 Qxa2 33. Nb3 Rh6 $19) 32... Rxf7) 32. Qg3 $18 Rh8 33. Nf3 $1 Qf5 (33... Qxf7 $2 34. Nd2 $18) (33... Kxf7 $2 34. Nxd4+ (34. Bxd4 Rhg8 $16) 34... Ke8 35. Qg7 $18) 34. Re1 (34. Qe1 $1 $18 {is the precise move to win.} Qd5 (34... Qxf7 $2 35. Ne5 $18) 35. Nh4) 34... h4 $16 (34... Kxf7 $2 35. Qc7+ (35. Ng5+ Kf6 $11) 35... Kf6 36. Nxd4 (36. Bxd4+ Rxd4 37. Nxd4 Rc8 $18) 36... Bxd4 37. Qe7+ (37. Qxb6+ Kf7 $18) (37. Bxd4+ Rxd4 38. Qe7+ Kg6 $18) 37... Kg6 38. Re6+ $18) (34... Qxf7 35. Ng5 Rg8 36. Nxf7) 35. Nxh4 Qf6 36. Ng6+ Kxf7 37. Ne5+ $2 (37. Nxh8+ $16 Rxh8 38. Qg4) 37... Kf8 $11 38. Ng6+ $2 (38. Ng4 $11 Qf5 39. Ne3 Rxh2+ (39... dxe3 40. Qg7+ Ke8 41. Qxh8+ Ke7 42. Qh4+ Ke8 43. Bc3 $14) 40. Qxh2 dxe3 41. Qh8+ Ke7 42. Qh4+ Ke8 43. Qh8+ Qf8 44. Qh5+ Qf7 45. Qh8+ Qf8 46. Qh5+ Qf7 47. Qh8+ Qf8) 38... Kf7 $1 $16 39. Nxh8+ Rxh8 40. Qc7+ $2 (40. Qg4 $1 $16 ) 40... Kg6 $11 41. Qg3+ (41. Rd1 $11) 41... Kf7 $16 42. Qg4 $1 Rh4 43. Qd7+ Kg8 {[%emt 0:01:01] [#]} 44. h3 $1 Rf4 45. Kg1 (45. Re8+ $18 Bf8 46. Kh2) 45... Qf7 $14 46. Qd8+ Kh7 47. Kh2 Qxa2 {[%emt 0:00:00] [#]} 48. Re5 (48. Re8 $1 $16) 48... Qf7 $1 $11 49. Bb2 Rf6 50. Rd5 (50. Bxd4 $2 {perishes.} Bd6 51. Qa8 Rf5 $19 (51... Bxe5+ 52. Bxe5 Rf5 53. Qh8+ Kg6 54. Bd4 $15)) 50... Qe6 $1 51. Qd7+ (51. Bxd4 $2 Bd6+ 52. Qxd6 Qxd6+ 53. Rxd6 Rxd6 $19) 51... Kg6 52. Qxe6 (52. Bxd4 $2 {too greedy.} Bd6+ 53. Qxd6 Qxd6+ 54. Rxd6 Rxd6 $19) 52... Rxe6 53. Bxd4 Rd6 54. Rxd6+ Bxd6+ 55. Kg1 b5 56. Kf2 Kf5 57. Ke3 Be7 58. Bb6 Bd6 $2 (58... Ke5 $11) 59. Ba7 $2 ({Only move:} 59. g4+ $18 Kf6 60. Bd8+ Ke5 61. Bg5) 59... Ke5 $11 60. g4 Be7 61. Bb8+ Kd5 62. Kd3 b4 63. Bf4 b3 64. g5 Ke6 (64... b2 $5 65. Kc2 $8 Ke4 $11) 65. h4 Kf5 (65... b2 $5 66. Kc2 $8 Kf5 $11) 66. Bd2 Kg4 67. g6 b2 68. Kc2 Bf6 69. Bb4 Kh5 70. Ba3 Kxg6 1/2-1/2

[Event "21st Bangkok CC Open 2024"]
[Site "Bangkok"]
[Date "2024.04.18"]
[Round "6.6"]
[White "Mitrabha, Guha"]
[Black "Deepan Chakkravarthy J."]
[Result "1/2-1/2"]
[ECO "D30"]
[WhiteElo "2537"]
[BlackElo "2428"]
[Annotator "TA"]
[PlyCount "95"]
[EventDate "2024.04.13"]
[EventType "swiss"]
[EventCountry "THA"]
[SourceTitle "playchess.com"]
[Source "ChessBase"]
[SourceQuality "1"]
[TimeControl "40/5400+30:1800+30"]

1. Nf3 c5 2. e3 Nf6 3. d4 e6 4. c4 d5 5. a3 dxc4 6. Bxc4 a6 7. dxc5 Qxd1+ 8. Kxd1 Bxc5 {[%emt 0:00:08] Black has an edge.} 9. b4 Be7 10. Bb2 Nbd7 11. Nbd2 b6 12. Rc1 Bb7 13. Bd3 a5 14. Bb5 {[%emt 0:03:59] [#] Bxf6 would now be deadly.} axb4 15. axb4 (15. Rc7 Bxf3+ 16. Nxf3 (16. gxf3 $2 Kd8 $17) 16... bxa3 (16... Kd8 17. Bxf6 Nxf6 18. Rb7 $11) 17. Bxf6 Bxf6 18. Bxd7+ (18. Rxd7 $2 Ra5 $19) 18... Kd8 $17) 15... Rc8 ({Better is} 15... Ra7 $15) 16. Bxf6 {[%emt 0:25:31] The position is equal.} Rxc1+ 17. Kxc1 Bxf6 (17... gxf6 $2 18. Nc4 $18) 18. Nc4 {[%emt 0:01:41] [#] Strongly threatening Rd1.} Ke7 19. Rd1 ({Much weaker is} 19. Bxd7 Kxd7 20. Rd1+ Ke7 (20... Kc7 21. Nfe5 $15) 21. Nxb6 Rb8 $15) 19... Rd8 20. Rxd7+ Rxd7 21. Bxd7 Kxd7 22. Nxb6+ $11 {[%emt 0:00:05][%mdl 4096] Endgame. KBB-KNN} Kc7 23. Nc4 Be7 24. Nce5 f6 25. Nd3 e5 {[%emt 0:02:37] And now ...e4 would win.} 26. Nfe1 Kb6 27. Kb2 Kb5 28. Kc3 e4 29. Nc5 Bxc5 30. bxc5 Kxc5 {[%emt 0:00:04] KB-KN} 31. Nc2 g5 32. Nd4 Bc8 33. Nb3+ Kd5 34. Kb4 h5 35. Kb5 h4 36. Nd4 Bg4 37. Kb4 Bc8 38. Nb5 f5 39. Nc3+ Ke5 40. Kc5 f4 41. Nb5 f3 42. g3 Kf5 43. Nd6+ Kg4 {[%emt 0:00:24][%cal Og4h3] Hoping for ...Kh3!} 44. Nxe4 (44. Nxc8 $5 Kh3 $8 45. Nd6 Kxh2 46. Nxe4 $11) 44... hxg3 45. hxg3 Kh3 {[%emt 0:00:07] ...g4 is the strong threat.} 46. Nxg5+ Kg2 47. Ne4 Bf5 48. Nd2 {[%emt 0:00:49] Weighted Error Value: White=0.03 (flawless) /Black=0.03 (flawless) .  Mistake:       	---       	Black=1      Inaccurate:     	White=1     	---        OK:         	White=26    	Black=19     Best:        	---       	Black=1} 1/2-1/2

[Event "21st Bangkok CC Open 2024"]
[Site "Bangkok"]
[Date "2024.04.18"]
[Round "6.7"]
[White "Harsh Suresh"]
[Black "Peng, Xiongjian"]
[Result "1-0"]
[ECO "C00"]
[WhiteElo "2413"]
[BlackElo "2521"]
[Annotator "TA"]
[PlyCount "95"]
[EventDate "2024.04.13"]
[EventType "swiss"]
[EventCountry "THA"]
[SourceTitle "playchess.com"]
[Source "ChessBase"]
[SourceQuality "1"]
[TimeControl "40/5400+30:1800+30"]

1. e4 c5 2. Nf3 e6 3. d3 Nc6 4. g3 d5 5. Nbd2 Nf6 6. Bg2 Be7 7. O-O O-O 8. Re1 b5 9. exd5 exd5 10. d4 c4 11. a4 Rb8 12. axb5 Rxb5 13. Nb1 {[%emt 1:09:11] White is slightly better.} Ne4 14. Nc3 Nxc3 15. bxc3 a5 16. Bf4 Bd6 17. Qd2 Bf5 18. Bxd6 Qxd6 19. Ne5 Ne7 20. Qe2 Ng6 21. h4 Nxe5 22. Qxe5 Qd7 23. Ra2 f6 24. Qe7 {[%emt 0:00:00] [#]} Rb1 $2 25. Qxf8+ (25. Bxd5+ $142 Qxd5 26. Rxb1) 25... Kxf8 $18 26. Rxb1 {[%emt 0:00:00][%cal Oa2b2] And now Rab2! would win.} a4 (26... h5 $142 27. Rxa5 Be4 28. Bxe4 dxe4) 27. Rb4 $2 (27. Rab2 $18 Bg6 28. Rb8+ Be8 29. Ra8 (29. Re1 a3 $18)) 27... Kf7 $2 {[%emt 0:00:38] [#]} (27... h5 $16 28. Rbxa4 (28. Raxa4 Bxc2 29. Rb8+ Kf7 $16) 28... Kg8) 28. Rbxa4 $2 (28. Raxa4 Kg6 $16) (28. h5 $1 $18 {and the rest is easy.} h6 29. Rbxa4 (29. Raxa4 Be4 $18)) 28... Kg6 $16 29. Ra5 (29. Rb4 $16) 29... Be4 $11 30. Ra1 (30. Bxe4+ $16 dxe4 31. Ra7) 30... Bxg2 $1 31. Kxg2 {[%emt 0:00:02][%mdl 4096] Endgame. KQ-KRR} Qe6 {[%emt 0:00:12] Against Re1} 32. Kf1 Qe4 ({Black should play} 32... Qh3+ $1 $11 33. Kg1 Qe6) 33. Re1 $1 $14 {[%emt 0:00:23] White now steadily converts the win.} Qh1+ (33... Qxc2 $14 34. Re3 (34. Rxd5 Qxc3 35. Rd7 Qd2 $16) 34... Qb1+ 35. Kg2 Qb7) 34. Ke2 $16 Qg2 35. Ra7 {[%emt 0:00:48] Black must now prevent Rb1.} h5 36. Re7 Kf5 $2 (36... Kh6 $16 {keeps fighting.} 37. Re3 Qh3) 37. Rb1 $18 ({And not} 37. Rxg7 Qxf2+ 38. Kd1 Qxc2+ 39. Kxc2 $11) 37... g5 (37... Kg6 $142 38. Ra1 Kh6) 38. hxg5 fxg5 (38... Kxg5 $142 39. Re3 h4) 39. Rb6 h4 40. Rf7+ Kg4 41. gxh4 Qe4+ 42. Kd2 Qe8 43. Rg7 Kxh4 44. Rh6+ (44. Rb1 $142 Kg4 45. Rg1+ Kf3 46. R1xg5 (46. R7xg5 Kxf2 47. R5g2+ Kf3 $18) 46... Qe2+ 47. Kc1 Qe1+ 48. Kb2) 44... Kg4 45. Rhg6 Qd8 46. Rxg5+ {[%emt 0:00:00] White mates.} Qxg5+ 47. Rxg5+ Kxg5 48. Ke3 {[%emt 0:00:00] Weighted Error Value: White=0.33/Black=0.69.  Loses game:     	---       	Black=3      Missed win:     	White=2     	---        Mistake:       	White=3     	Black=5      Inaccurate:     	White=4     	Black=4      OK:         	White=5     	Black=6      Best:        	White=2     	Black=2      Strong:       	White=1     	Black=1} 1-0

[Event "21st Bangkok CC Open 2024"]
[Site "Bangkok"]
[Date "2024.04.18"]
[Round "6.8"]
[White "Danilenko, Dmitriy"]
[Black "Das, Sayantan"]
[Result "1-0"]
[ECO "C01"]
[WhiteElo "2400"]
[BlackElo "2507"]
[Annotator "TA"]
[PlyCount "125"]
[EventDate "2024.04.13"]
[EventType "swiss"]
[EventCountry "THA"]
[SourceTitle "playchess.com"]
[Source "ChessBase"]
[SourceQuality "1"]
[TimeControl "40/5400+30:1800+30"]

1. e4 e6 2. d4 d5 3. exd5 exd5 4. Bf4 Bd6 5. Qd2 Nf6 6. Nc3 O-O {[%emt 0:01:23] C01: French: Exchange Variation.} 7. O-O-O Nc6 8. f3 Be6 $146 ({Predecessor:} 8... a6 9. Kb1 b5 10. g4 Na5 11. h4 Nc4 12. Bxc4 dxc4 13. g5 b4 14. gxf6 bxc3 15. bxc3 Qxf6 16. Bxd6 Qxd6 {½-½ Chigaev,M (2644)-Lenderman,A (2648) Chess24 Banter Blitz Cup 2019 (2.2)}) 9. g4 Ne7 10. Bd3 b6 11. h4 c5 12. h5 c4 13. Bf1 Rb8 14. h6 g6 15. Nb5 Bxf4 16. Qxf4 Ne8 17. Nh3 a6 18. Nc3 Qd6 19. Qe5 Qxe5 20. dxe5 Nc7 21. Nf4 Rbd8 22. Bh3 Nc6 23. Rhe1 b5 24. Ng2 g5 25. f4 gxf4 26. Nxf4 Kh8 27. Nh5 (27. Nce2 $11) 27... b4 (27... d4 $15 28. Ne2 Nxe5 29. Rxd4 (29. Nxd4 Bxg4 30. Bxg4 Nxg4 $11) 29... Nf3 30. Rxd8 Rxd8) 28. Na4 $11 Rg8 29. Ng7 Ne8 30. Nf5 (30. Nxe6 $1 $11 fxe6 31. Rd2) 30... Rg5 31. Nc5 Nc7 32. Nb7 Rb8 33. Nbd6 Rb6 34. Ng7 Nxe5 $2 (34... Bxg4 $2 35. Nxf7+ Kg8 36. Nxg5 $18) (34... Kg8 $1 $11) 35. Nxe6 Nxe6 (35... fxe6 $2 36. Rxe5 Rg6 37. Nf7+ Kg8 38. Rf1 $18) 36. Rxd5 f6 {[%emt 0:01:09] [#]} (36... Nd3+ $16 37. Rxd3 (37. cxd3 $2 {perishes.} Rxd5 38. Nxc4 Rb8 $19) 37... cxd3 38. Nxf7+ Kg8 39. Nxg5 Nxg5) 37. Rdd1 $2 (37. Bf1 $1 $18 {is more deadly.} Rc6 38. Rexe5 fxe5 39. Nf7+ (39. Nxc4 Nf4 $11) 39... Kg8 40. Nxg5 Nxg5 41. Rxe5) 37... Nf4 (37... b3 $16 {was necessary.} 38. axb3 cxb3) 38. Bf1 Rxg4 $2 (38... Nfd3+ {is more resistant.} 39. cxd3 Rxd6) 39. Nxc4 (39. Bxc4 $142 {White threatens Nf7+ and mate.} Nfd3+ 40. Rxd3 (40. cxd3 Rxd6 41. Kb1 Rg3 $14) 40... Nxd3+ 41. cxd3) 39... Rb8 $18 40. Nxe5 fxe5 41. Rxe5 Rg6 42. Rf5 Ne6 (42... Ng2 $142) 43. Bxa6 $18 Rxh6 44. Bc4 Rc8 45. b3 Nc5 46. Rfd5 Ne4 47. Kb2 Rb6 48. a3 bxa3+ 49. Kxa3 Nf6 (49... Ra8+ $142 50. Kb2 Nf6) 50. Rd8+ $18 Rxd8 51. Rxd8+ Kg7 52. b4 h5 53. b5 Kh6 (53... h4 $142 54. Rd4 h3) 54. Kb4 h4 55. Ka5 Rb7 56. b6 Kg5 57. Be6 Re7 58. Rd6 Kf4 59. Bc8 Re5+ 60. Kb4 Ne4 61. Rd4 Ke3 62. Rd3+ Ke2 63. b7 1-0

[Event "21st Bangkok CC Open 2024"]
[Site "Bangkok"]
[Date "2024.04.18"]
[Round "6.9"]
[White "Panda Sambit"]
[Black "Zhao, Zong-Yuan"]
[Result "0-1"]
[ECO "E97"]
[WhiteElo "2378"]
[BlackElo "2485"]
[Annotator "TA"]
[PlyCount "182"]
[EventDate "2024.04.13"]
[EventType "swiss"]
[EventCountry "THA"]
[SourceTitle "playchess.com"]
[Source "ChessBase"]
[SourceQuality "1"]
[TimeControl "40/5400+30:1800+30"]

1. d4 Nf6 2. c4 g6 3. Nc3 Bg7 4. e4 d6 5. Nf3 O-O 6. Be2 e5 7. O-O Nc6 8. d5 Ne7 9. b4 a5 10. Ba3 b6 11. bxa5 Rxa5 12. Bb4 Ra8 13. a4 Ne8 14. h3 {[%emt 0:00:05] E97: King's Indian: Classical Main Line (6...e5 7 0-0 Nc6): 8 Be3 and 8 d5 Ne7, not 9 Ne1.} Bd7 15. Re1 $146 ({Predecessor:} 15. Bd3 f5 16. Re1 f4 17. Be2 Bf6 18. a5 bxa5 19. Bxa5 g5 20. Nd2 Ng6 21. Bg4 Ng7 22. Bxd7 Qxd7 {½-½ Cox,J (2263)-Abhyuday,S (2167) BCF-chT2 2324 (4NCL) 2023 (5.34)}) 15... Kh8 16. Qb3 Rb8 17. Qa3 Ra8 18. Qb2 Rb8 19. Ra3 f5 20. Rd1 Nf6 21. Nd2 g5 22. exf5 Bxf5 23. Nb5 Ng6 24. a5 Nf4 25. Bf1 bxa5 26. Bxa5 Qd7 27. Rb3 Rb7 28. c5 N6xd5 29. cxd6 cxd6 30. Qa3 $2 (30. Nc4 $17 {was worth a try.}) 30... Bc2 $19 31. Rdb1 Rfb8 32. Nc4 $2 (32. Nc3 Bxb3 33. Rxb3 Rxb3 34. Nxb3) 32... Bxb3 33. Ncxd6 (33. Rxb3 $142 Rxb5 34. Qa4) 33... Bc2 $19 34. Rc1 Bg6 35. Nxb7 Qxb7 ({Much less strong is} 35... Rxb7 36. g3 Nxh3+ 37. Bxh3 Qxh3 38. Qd6) 36. Qc5 (36. Bd2 $142) 36... Qe7 37. Qc4 Bf7 38. Qe4 Nf6 ({But not} 38... Bg6 39. Qc4 $19) 39. Qf5 (39. Qc6 $142) 39... h6 40. Bc7 Re8 41. Qc2 Bg6 42. Qc4 e4 43. Nd6 (43. Bd6 $142 Qd7 44. Qc7) 43... Rf8 44. Nb5 Qf7 45. Qxf7 Rxf7 46. Nd6 Rf8 47. Ba5 Nd3 48. Rc2 (48. Rd1 $142) 48... Nd5 $19 49. Rd2 Bd4 50. Nxe4 Bxe4 51. Bxd3 Rxf2 52. Rxf2 Bxd3 53. Be1 Kg7 54. Kh2 Bxf2 55. Bxf2 Kg6 56. g4 $2 (56. Be1) 56... Nf4 57. Kg3 Be4 58. Be3 Ne6 59. h4 Bc2 60. hxg5 hxg5 61. Bd2 Bd1 62. Bc1 Ng7 63. Bd2 Ne8 64. Bxg5 Kxg5 65. Kf2 Nd6 66. Ke3 Bxg4 67. Kd4 Kf4 68. Kd3 Ne4 69. Kc2 Ke3 70. Kc1 Kd3 71. Kb2 Nc5 72. Ka3 Kc3 73. Ka2 Nb3 74. Kb1 Bf5+ 75. Ka2 Be4 76. Ka3 Bb1 77. Ka4 Nd4 78. Ka3 Nb5+ 79. Ka4 Kc4 80. Ka5 Kc5 81. Ka4 Bc2+ 82. Ka5 Nd6 83. Ka6 Bd1 84. Ka5 Nb7+ 85. Ka6 Kc6 86. Ka7 Kc7 87. Ka8 Be2 88. Ka7 Nd6 89. Ka8 Bd3 90. Ka7 Nc8+ 91. Ka8 Be4# 0-1

[Event "21st Bangkok CC Open 2024"]
[Site "Bangkok"]
[Date "2024.04.18"]
[Round "6.10"]
[White "Srihari L R"]
[Black "Arfan, Aditya Bagus"]
[Result "1/2-1/2"]
[ECO "A11"]
[WhiteElo "2482"]
[BlackElo "2407"]
[Annotator "TA"]
[PlyCount "72"]
[EventDate "2024.04.13"]
[EventType "swiss"]
[EventCountry "THA"]
[SourceTitle "playchess.com"]
[Source "ChessBase"]
[SourceQuality "1"]
[TimeControl "40/5400+30:1800+30"]

1. c4 c6 2. g3 d5 3. Nf3 Nf6 4. Bg2 Bf5 5. Qb3 Qb6 6. d3 e6 7. Be3 Qxb3 8. axb3 a6 {[%emt 0:00:41] White has an edge.} 9. Bd4 Nbd7 10. Bc3 h6 11. Nbd2 Bh7 12. b4 Bd6 {[%emt 0:06:42] [#]} 13. e4 dxe4 $15 14. dxe4 Bxe4 15. c5 {[%emt 0:04:23][%cal Od2e4] Black must now prevent Nxe4!} Bxf3 16. Bxf3 Be7 (16... Be5 $15) 17. b5 $11 Nd5 (17... O-O {deserves consideration.} 18. bxc6 bxc6) 18. bxc6 bxc6 19. Bxg7 {[%emt 0:00:20] A strong pair of Bishops.} Rh7 20. Bd4 Bxc5 21. Bxc5 Nxc5 22. O-O Kd7 23. Ra3 {[%emt 0:07:49][%mdl 1024] White has compensation.} Kc7 24. Rc1 Nd7 25. Nc4 Rhh8 26. Na5 {[%emt 0:00:45][%cal Of3d5] Threatens to win with Bxd5!} c5 {[%emt 0:00:55] [#]} 27. b4 Rhb8 {[%emt 0:00:31] The position is equal.} 28. bxc5 Rb5 29. Nb3 Rab8 30. Bxd5 exd5 31. c6 Rxb3 32. cxd7+ Kxd7 33. Rxa6 R8b6 {[%emt 0:00:43] Dodges Rc6} 34. Ra7+ Rb7 35. Ra6 R3b6 36. Ra4 Rb4 {[%emt 0:00:25] Weighted Error Value: White=0.11 (very precise) /Black=0.09 (flawless) .  Mistake:       	White=2     	Black=2      Inaccurate:     	White=2     	Black=1      OK:         	White=8     	Black=12     Best:        	White=3     	Black=1} 1/2-1/2

[Event "21st Bangkok CC Open 2024"]
[Site "Bangkok"]
[Date "2024.04.19"]
[Round "7.1"]
[White "Urazayev, Arystanbek"]
[Black "Bernadskiy, Vitaliy"]
[Result "1/2-1/2"]
[ECO "C01"]
[WhiteElo "2471"]
[BlackElo "2561"]
[Annotator "TA"]
[PlyCount "21"]
[EventDate "2024.04.13"]
[EventType "swiss"]
[EventCountry "THA"]
[SourceTitle "playchess.com"]
[Source "ChessBase"]
[SourceQuality "1"]
[TimeControl "40/5400+30:1800+30"]

1. e4 e6 2. d4 d5 3. Nc3 Bb4 4. exd5 exd5 5. Bd3 Nc6 6. a3 {[%emt 0:00:32] The position is equal.} Ba5 7. Nf3 Bg4 8. Be3 Nge7 9. h3 Bh5 10. O-O Bxc3 11. bxc3 {[%emt 0:01:18] A rather calm draw.   Weighted Error Value: White=0.08 (flawless) /Black=0.04 (flawless) .  Inaccurate:     	White=1     	---        OK:         	White=1     	Black=3} 1/2-1/2

[Event "21st Bangkok CC Open 2024"]
[Site "Bangkok"]
[Date "2024.04.19"]
[Round "7.2"]
[White "Zhao, Zong-Yuan"]
[Black "Cao, Qingfeng"]
[Result "1-0"]
[ECO "B15"]
[WhiteElo "2485"]
[BlackElo "2038"]
[Annotator "TA"]
[PlyCount "67"]
[EventDate "2024.04.13"]
[EventType "swiss"]
[EventCountry "THA"]
[SourceTitle "playchess.com"]
[Source "ChessBase"]
[SourceQuality "1"]
[TimeControl "40/5400+30:1800+30"]

1. e4 c6 2. d4 d5 3. Nc3 dxe4 4. Nxe4 Nf6 5. Nxf6+ exf6 6. c3 Bd6 7. Bd3 O-O 8. Ne2 Re8 9. Qc2 h5 10. O-O h4 11. Nf4 {[%emt 0:00:43] White has an edge.} Qc7 12. g3 Nd7 13. Qd1 Nf8 14. Qh5 Qd7 15. f3 (15. gxh4 Bxf4 16. Bxf4 Qh3) (15. Qxh4 $2 g5 16. Qh6 gxf4 17. Qxf6 Qd8 18. Qxd8 Rxd8 $19) 15... g5 (15... c5 $11) 16. gxh4 $1 $16 {[%emt 0:21:21][%cal Og1h1] Threatens to win with Kh1! White is much more active.} gxf4 {[%emt 0:02:28] [#]} (16... Bxf4 $16 17. Bxf4 gxf4) 17. Kh1 $2 ({White has to play} 17. Kf2 $1 $18 Qe6 18. Bd2) 17... f5 $2 (17... Ng6 $1 $11 18. Bxg6 Re2 (18... fxg6 $2 19. Qxg6+ Kh8 20. Qh5+ Qh7 21. Qxe8+ $18) 19. Bh7+ (19. Bd3 Rxh2+ 20. Kxh2 Qh3+ 21. Kg1 Qg3+ 22. Kh1 Qh3+ 23. Kg1 Qg3+ 24. Kh1 Qh3+ 25. Kg1 $11) 19... Kf8) 18. Rg1+ Ng6 {[%emt 0:00:07] Black cannot hold the game after this.} 19. Rxg6+ fxg6 20. Qxg6+ Kh8 $2 (20... Kf8 21. Qf6+ Qf7 (21... Kg8 $2 22. Bxf4 Qg7 23. Qxd6 $18) 22. Qxd6+ Qe7 23. Qxe7+ (23. Bxf4 Qxd6 24. Bxd6+ Kf7 $18) (23. Qxf4 Qe1+ 24. Kg2 Re2+ 25. Bxe2 Qxe2+ 26. Kg3 Qe1+ 27. Kg2 Qe2+ 28. Kg3 Qe1+ 29. Kg2 Qe2+ $11) 23... Kxe7 24. Bxf4 Be6) 21. Qh5+ $18 Kg7 {[%emt 0:20:50] [#]} (21... Qh7 $142 22. Qxe8+ Qg8 23. Qh5+ (23. Qxg8+ Kxg8 24. Bc4+ Kh7 $16) 23... Qh7) 22. Bd2 $1 {[%emt 0:03:05] White is clearly winning.} Qe6 {[%emt 0:12:03] Inhibits Bc4.} 23. Rg1+ (23. Re1 Qxe1+ 24. Bxe1 Rxe1+ $17) 23... Kf8 24. Qh7 Qf7 {[%emt 0:00:26] Prevents Qg7+.} 25. Qh6+ Ke7 26. Rg7 (26. Bxf4 $2 {is the wrong capture.} Bxf4 27. Qxf4 Kd8 $19 (27... Qxa2 $2 28. Rg7+ $18)) 26... Qxg7 27. Qxg7+ Kd8 28. h5 Re7 29. Qf6 Kc7 30. c4 Re6 31. Qg7+ (31. Qxf5 Re1+ 32. Bxe1 Bxf5 33. Bxf5 Kd8 $18) 31... Re7 32. Qg5 {[%emt 0:00:24][%cal Oc4c5] c5! would kill now.} c5 33. dxc5 Bxc5 34. b4 {[%emt 0:02:31] Weighted Error Value: White=0.33/Black=0.61.  Loses game:     	---       	Black=1      Missed win:     	White=1     	---        Mistake:       	---       	Black=4      Inaccurate:     	---       	Black=1      OK:         	White=5     	Black=4      Best:        	White=1     	---        Strong:       	White=2     	---} 1-0